Map: Goldenaura LE

Players

Subwayeatn

  • Race: Zerg Zerg
  • League: Platinum
  • Spawn Location: 12:00

Toneman - Winner!

  • Race: Terran Terran
  • League: Diamond
  • Spawn Location: 5:00

VOD

Have the link to the VOD?

Description

Time

  • Played on: Nov. 11, 2023, 12:46 p.m.
  • Length: 13:33
Show
View Real Time Build Order
Export as new Build Order

Subwayeatn Zerg 

Build Orders: Hatch First 

Get SALT Encoding   

  12  0:00  Drone  
  13  0:12  Overlord  
  13  0:16  Drone  
  14  0:30  Drone x2  
  16  0:50  Hatchery  
  16  0:54  Drone  
  17  0:57  Drone  
  17  1:00  Drone  
  18  1:04  Extractor  
  17  1:17  Spawning Pool  
  16  1:21  Drone  
  16  1:24  Drone  
  18  1:28  Drone  
  19  1:38  Drone  
  20  1:49  Overlord  
  20  2:00  Drone  
  21  2:04  Queen  
  21  2:05  Queen  
  21  2:07  Zergling x2  
  26  2:11  Zergling x2  
  27  2:15  Metabolic Boost  
  27  2:20  Drone  
  27  2:21  Drone  
  29  2:25  Drone  
  28  3:05  Drone x6  
  34  3:10  Extractor  
  34  3:12  Extractor  
  32  3:14  Queen  
  32  3:17  Overlord  
  32  3:19  Overlord  
  34  3:30  Zergling x2  
  35  3:34  Queen  
  35  3:41  Drone x3  
  40  3:42  Drone x3  
  43  3:54  Queen  
  45  3:59  Overlord  
  45  4:02  Overlord  
  45  4:04  Drone x2  
  45  4:09  Baneling Nest  
  46  4:10  Lair  
  46  4:17  Drone x3  
  46  4:18  Drone x2  
  51  4:28  Extractor  
  50  4:40  Drone x7  
  57  4:48  Hatchery  
  56  4:58  Drone x6  
  62  5:06  Drone  
  63  5:07  Evolution Chamber x2  
  61  5:18  Spire  
  61  5:20  Queen  
  62  5:31  Spore Crawler  
  62  5:32  Spore Crawler  
  62  5:35  Overseer  
  51  5:56  Zerg Melee Weapons Level 1, Overlord, Zerg Ground Armor Level 1  
  51  6:01  Drone x10  
  61  6:10  Zergling x4  
  63  6:17  Spine Crawler  
  63  6:18  Drone x3  
  65  6:28  Zergling x2  
  65  6:29  Zergling x12  
  72  6:38  Overlord  
  72  6:39  Overlord x2  
  72  6:43  Overseer  
  72  6:44  Pneumatized Carapace  
  72  6:49  Zerg Flyer Weapons Level 1  
  72  6:55  Drone  
  72  6:56  Queen  
  72  6:58  Drone x5  
  80  7:07  Zergling x2  
  81  7:09  Zergling x2  
  81  7:11  Overlord  
  81  7:15  Overlord  
  82  7:19  Zergling x2  
  83  7:23  Drone x4  
  83  7:24  Drone x5  
  83  7:27  Drone x2, Extractor  
  83  7:28  Extractor  
  92  7:32  Queen  
  94  7:41  Overlord x3  
  94  7:45  Overlord  
  94  8:01  Zerg Melee Weapons Level 2  
  94  8:02  Zerg Ground Armor Level 2  
  94  8:09  Spore Crawler  
  94  8:11  Drone x2  
  94  8:12  Spore Crawler  
  94  8:17  Zergling x24  
  106  8:22  Baneling x2  
  106  8:23  Baneling x18  
  106  8:26  Zergling x4  
  108  8:33  Infestation Pit  
  106  8:36  Corruptor x3  
  106  8:37  Corruptor x2  
  116  8:46  Drone x2  
  116  8:47  Zergling x8  
  122  8:51  Centrifugal Hooks  
  122  8:55  Overlord x2  
  102  9:15  Zergling x22  
  112  9:19  Baneling x2  
  112  9:20  Baneling x7  
  112  9:29  Corruptor x3  
  118  9:31  Zergling x2  
  118  9:32  Zergling x12  
  118  9:34  Baneling  
  118  9:35  Baneling x9  
  125  9:49  Overseer  
  125  9:51  Overseer  
  125  10:01  Zergling x8  
  117  10:21  Queen x2  
  108  10:29  Extractor  
  108  10:33  Spore Crawler  
  108  10:34  Drone x2  
  108  10:35  Drone  
  109  10:36  Spore Crawler  
  109  10:38  Spore Crawler  
  109  10:39  Hive  
  105  10:53  Hatchery  
  105  10:55  Extractor  
  105  10:56  Queen  
  105  10:57  Queen  
  103  10:58  Extractor  
  103  10:59  Hatchery  
  105  11:07  Drone x4  
  95  11:19  Zergling x2  
  95  11:20  Zergling x20  
  105  11:26  Zergling x6  
  105  11:27  Zergling x6  
  105  11:32  Queen  
  111  11:38  Overseer x2  
  110  11:52  Baneling x16  
  110  11:53  Zergling x2  
  109  11:54  Zergling x22  
  109  11:55  Queen  
  103  12:27  Ultralisk Cavern  
Show
View Real Time Build Order
Export as new Build Order

Toneman Terran - Winner!

Build Orders: Reaper Expand, Hellion Banshee 

Get SALT Encoding   

  12  0:00  SCV  
  13  0:12  SCV  
  14  0:18  Supply Depot  
  14  0:24  SCV  
  15  0:39  SCV  
  15  0:41  Barracks  
  16  0:47  Refinery  
  16  0:52  SCV  
  17  1:06  SCV  
  18  1:18  SCV  
  19  1:31  Reaper  
  19  1:32  Orbital Command  
  20  1:47  Command Center  
  20  1:58  Supply Depot  
  20  1:59  SCV  
  21  2:15  SCV  
  22  2:16  Factory  
  22  2:25  Barracks Reactor  
  22  2:27  SCV  
  23  2:39  SCV  
  24  2:51  SCV  
  25  3:01  Orbital Command  
  25  3:02  Command Center  
  25  3:05  SCV  
  26  3:14  Hellion x2  
  26  3:17  Barracks Tech Lab, Starport  
  30  3:23  SCV  
  31  3:30  SCV  
  32  3:35  SCV  
  32  3:36  Hellion x2  
  37  3:47  Supply Depot  
  37  3:48  SCV x2  
  39  3:57  Cyclone  
  39  4:00  SCV x2  
  43  4:07  Banshee  
  46  4:10  Supply Depot  
  46  4:12  SCV  
  49  4:17  Widow Mine  
  49  4:24  Bunker, Orbital Command, Marine, Engineering Bay  
  49  4:27  SCV x2  
  52  4:39  Bunker, SCV x2  
  52  4:42  Marine  
  57  4:45  Hellion  
  57  4:46  Hellion  
  57  4:51  SCV  
  57  4:52  SCV  
  61  5:03  SCV x2  
  61  5:04  SCV  
  61  5:06  Refinery  
  64  5:08  Barracks  
  64  5:10  Barracks  
  64  5:15  SCV  
  64  5:16  SCV x2  
  67  5:24  Barracks, Barracks Reactor  
  67  5:25  Barracks  
  67  5:27  SCV  
  67  5:28  SCV  
  69  5:44  Barracks, SCV x3  
  69  5:47  Barracks x2  
  72  5:50  Siege Tank, Medivac  
  72  5:53  Refinery  
  72  5:55  Refinery  
  77  6:08  Barracks Tech Lab  
  77  6:09  Barracks Tech Lab  
  77  6:13  Supply Depot  
  77  6:15  Supply Depot  
  77  6:16  Marine x3  
  77  6:17  SCV  
  77  6:18  Supply Depot x2, SCV  
  82  6:34  Marine  
  83  6:46  Orbital Command  
  83  6:57  Barracks Reactor x5  
  83  7:02  SCV x2  
  83  7:04  Engineering Bay  
  83  7:07  Marine x2  
  83  7:08  Marine x2  
  89  7:14  Stimpack, SCV  
  90  7:20  Combat Shield  
  90  7:25  Marine  
  90  7:27  Marine  
  90  7:28  Marine x2  
  94  7:30  SCV x2  
  94  7:31  SCV  
  94  7:36  Supply Depot  
  97  7:37  Supply Depot  
  97  7:39  Supply Depot, Marine x7  
  97  7:40  Marine x3  
  97  7:42  SCV x2  
  97  7:43  Marine, SCV, Terran Infantry Weapons Level 1  
  111  7:44  Terran Infantry Armor Level 1  
  111  7:45  Marine  
  111  7:46  Marine x2  
  111  7:48  Widow Mine  
  116  7:54  Refinery, SCV  
  116  7:57  Marine x2, SCV x2  
  121  8:00  Supply Depot  
  121  8:02  Supply Depot  
  121  8:04  Refinery, Supply Depot, Marine x2  
  121  8:05  Marauder, Marine x4  
  128  8:06  Marine x2  
  128  8:07  SCV  
  128  8:09  SCV x2  
  128  8:10  Widow Mine  
  136  8:17  Marine  
  136  8:18  Marauder, Marine x2  
  141  8:21  Marine, SCV  
  141  8:22  Marine  
  141  8:25  Armory  
  144  8:28  Marine x2  
  144  8:29  Marauder, Marine x4  
  144  8:30  Marine  
  144  8:31  Widow Mine  
  155  8:35  Marine  
  155  8:36  Marine x2  
  155  8:39  Marine  
  155  8:40  Marauder, Marine  
  162  8:46  Marine x3  
  165  9:04  Marine x2  
  165  9:05  Marauder, Marine x8, Widow Mine  
  165  9:06  Marine  
  165  9:08  Marauder  
  158  9:20  Marine  
  158  9:22  Marine  
  160  9:24  Medivac x2  
  160  9:28  Marine  
  160  9:30  Supply Depot  
  160  9:31  Supply Depot  
  165  9:33  Marauder x2, Starport, Marine, Widow Mine  
  165  9:37  Command Center  
  170  9:46  Marine  
  170  9:47  Marine  
  172  9:54  Marauder x2, Widow Mine, Medivac  
  180  10:08  Marine x2  
  180  10:09  Marine x7  
  180  10:11  Marine  
  180  10:16  Marauder x2  
  170  10:21  Marine x2  
  170  10:26  Marine x3  
  170  10:28  Marine x2  
  174  10:29  Marine  
  174  10:30  Medivac x2, Widow Mine  
  174  10:35  Starport  
  183  10:37  Marauder x2  
  183  10:38  Marine x2  
  189  10:42  Terran Infantry Weapons Level 2  
  189  10:48  Marine x3, Engineering Bay  
  192  10:50  Marine x2  
  192  10:52  Widow Mine  
  196  10:59  Marauder x2  
  200  11:14  Marine x3  
  200  11:16  Marine  
  200  11:18  Marine x4  
  191  11:19  Marine  
  191  11:20  Marauder x2  
  200  11:35  Marine  
  200  11:37  Marine  
  200  11:41  Marauder  
  200  11:44  Marine x2  
  200  11:45  Marine  
  200  12:07  Starport Reactor  
  200  12:11  Command Center  
  160  12:43  Marine x2  
  160  12:44  Marauder, Marine x6  
  166  12:50  Marine x4  
  166  12:51  Marauder  
  176  12:53  Planetary Fortress  
  176  13:01  Marine  
  176  13:05  Command Center  
  177  13:11  Command Center  
  167  13:15  Command Center  
Tags
 
Add a new tag
Caveats
  • Supply blocks, unpowered buildings, or Contaminate may cause inaccurate times.
  • Supply counts are checked every 10 seconds.